% Time on Ice - SASKATOON DUCKS
Lines # - Real PCT - Wanted PCT - Time Play
Normal Forward
1 - 33% - 43% - 17:08
2 - 34% - 38% - 17:28
3 - 22% - 15% - 11:41
4 - 11% - 4% - 5:47
Normal Defense
1 - 36% - 40% - 18:37
2 - 33% - 30% - 17:10
3 - 27% - 20% - 13:50
4 - 5% - 10% - 2:27
PP Forward
1 - 49% - 60% - 1:56
2 - 51% - 40% - 2:02
PP Defense
1 - 53% - 60% - 2:05
2 - 47% - 40% - 1:53
PK Forward
1 - 65% - 55% - 2:35
2 - 35% - 45% - 1:23
PK Defense
1 - 62% - 55% - 2:28
2 - 38% - 45% - 1:30
PK3 Forward
1 - 0% - 55%
2 - 0% - 45%
PK3 Defense
1 - 0% - 55%
2 - 0% - 45%
44 Forward
1 - 0% - 55%
2 - 0% - 45%
44 Defense
1 - 0% - 55%
2 - 0% - 45%
Last Minute Offensive  - 0:00
Last Minute Defensive  - 0:00
Total
Forward - 60:00
Defense - 60:00
% Time on Ice - VICTORIA GLADIATORS
Lines # - Real PCT - Wanted PCT - Time Play
Normal Forward
1 - 33% - 36% - 17:20
2 - 32% - 33% - 16:30
3 - 22% - 24% - 11:25
4 - 13% - 7% - 6:49
Normal Defense
1 - 40% - 40% - 20:39
2 - 34% - 35% - 17:55
3 - 24% - 25% - 12:43
4 - 2% - 0% - 0:47
PP Forward
1 - 47% - 60% - 1:52
2 - 53% - 40% - 2:06
PP Defense
1 - 53% - 60% - 2:06
2 - 47% - 40% - 1:52
PK Forward
1 - 75% - 60% - 2:58
2 - 25% - 40% - 1:00
PK Defense
1 - 46% - 60% - 1:50
2 - 54% - 40% - 2:08
PK3 Forward
1 - 0% - 55%
2 - 0% - 45%
PK3 Defense
1 - 0% - 55%
2 - 0% - 45%
44 Forward
1 - 0% - 52%
2 - 0% - 48%
44 Defense
1 - 0% - 52%
2 - 0% - 48%
Last Minute Offensive  - 0:00
Last Minute Defensive  - 0:00
Total
Forward - 60:00
Defense - 60:00
Play-by-Play 1st period 0:01 of 1st period - Brad Marchand wins face-off versus Sidney Crosby in neutral zone. 0:28 of 1st period - Mikael Granlund is hit by Jake Guentzel and loses puck. 0:41 of 1st period - Shot by Sidney Crosby. 0:41 of 1st period - Stopped by Jake Oettinger without a rebound. 0:42 of 1st period - Adam Lowry wins face-off versus Ryan Strome in VICTORIA GLADIATORS zone. 0:49 of 1st period - Shot by Alex Iafallo. 0:49 of 1st period - Shot Misses the Net. 0:57 of 1st period - Shot by Ryan Strome. 0:57 of 1st period - Stopped by Jake Oettinger without a rebound. 0:58 of 1st period - Paul Stastny wins face-off versus Noel Acciari in VICTORIA GLADIATORS zone. 1:11 of 1st period - Icing by Samuel Girard. 1:12 of 1st period - Adam Lowry wins face-off versus Paul Stastny in SASKATOON DUCKS zone. 1:15 of 1st period - Shot by Alex Iafallo. 1:15 of 1st period - Stopped by Tristan Jarry without a rebound. 1:16 of 1st period - Brock McGinn wins face-off versus Ryan Strome in SASKATOON DUCKS zone. 1:16 of 1st period - Alexander Kerfoot is hit by Jake Sanderson and loses puck. 2:32 of 1st period - Icing by Alex Iafallo. 2:33 of 1st period - Adam Lowry wins face-off versus Paul Stastny in VICTORIA GLADIATORS zone. 2:37 of 1st period - Off-side. 2:38 of 1st period - Paul Stastny wins face-off versus Noel Acciari in neutral zone. 2:41 of 1st period - Noel Acciari is hit by Mathieu Joseph and loses puck. 2:47 of 1st period - Icing by Brandon Montour. 2:48 of 1st period - Noel Acciari wins face-off versus Sidney Crosby in VICTORIA GLADIATORS zone. 2:55 of 1st period - Shot by Sidney Crosby. 2:55 of 1st period - Shot Misses the Net. 6:23 of 1st period - Shot by Kailer Yamamoto. 6:23 of 1st period - Stopped by Jake Oettinger with a rebound. 6:25 of 1st period - Shot by Jaycob Megna. 6:25 of 1st period - Stopped by Jake Oettinger without a rebound. 6:26 of 1st period - Mikael Granlund wins face-off versus Paul Stastny in VICTORIA GLADIATORS zone. 6:26 of 1st period - Mikael Granlund is hit by Ivan Barbashev. 6:35 of 1st period - Icing by Jaycob Megna. 6:36 of 1st period - Paul Stastny wins face-off versus Mikael Granlund in SASKATOON DUCKS zone. 6:49 of 1st period - Shot by Ivan Barbashev. 6:49 of 1st period - Deflect By Jake Guentzel. 6:49 of 1st period - Stopped by Jake Oettinger without a rebound. 6:50 of 1st period - Adam Lowry wins face-off versus Sidney Crosby in VICTORIA GLADIATORS zone. 6:52 of 1st period - Icing by Jason Zucker. 6:53 of 1st period - Adam Lowry wins face-off versus Sidney Crosby in VICTORIA GLADIATORS zone. 6:55 of 1st period - Jason Zucker is hit by Sidney Crosby and loses puck. 7:08 of 1st period - Shot by Jake Guentzel. 7:08 of 1st period - Shot Blocked by Jan Rutta. 7:10 of 1st period - Shot by Jake Sanderson. 7:10 of 1st period - Shot Misses the Net. 7:22 of 1st period - Shot by Brent Burns. 7:22 of 1st period - Deflect By Sidney Crosby. 7:22 of 1st period - Shot Misses the Net. 7:24 of 1st period - Shot by Sidney Crosby. 7:24 of 1st period - Goal by Sidney Crosby - SASKATOON DUCKS : 1 - VICTORIA GLADIATORS : 0. 7:25 of 1st period - Ryan Strome wins face-off versus Mikael Granlund in neutral zone. 7:45 of 1st period - Shot by Artemi Panarin. 7:45 of 1st period - Shot Misses the Net. 7:47 of 1st period - Shot by Justin Faulk. 7:47 of 1st period - Shot Misses the Net. 8:01 of 1st period - Shot by Artemi Panarin. 8:01 of 1st period - Shot Misses the Net. 9:05 of 1st period - Shot by Ivan Barbashev. 9:05 of 1st period - Shot Misses the Net. 10:23 of 1st period - Shot by Kailer Yamamoto. 10:23 of 1st period - Shot Misses the Net. 10:51 of 1st period - Justin Faulk is hit by Nick Foligno and loses puck. 11:02 of 1st period - Justin Holl is hit by Kasperi Kapanen and loses puck. 12:28 of 1st period - Brad Marchand is hit by Kailer Yamamoto and loses puck. 12:57 of 1st period - Shot by Alex Iafallo. 12:57 of 1st period - Stopped by Tristan Jarry without a rebound. 12:58 of 1st period - Alexander Kerfoot wins face-off versus Sidney Crosby in SASKATOON DUCKS zone. 13:40 of 1st period - Shot by Noel Acciari. 13:40 of 1st period - Stopped by Tristan Jarry without a rebound. 13:41 of 1st period - Adam Lowry wins face-off versus Ryan Strome in SASKATOON DUCKS zone. 13:51 of 1st period - Ryan Strome is hit by Tyler Myers and loses puck. 13:52 of 1st period - Minor Penalty to Brandon Montour for Boarding. 13:53 of 1st period - Noel Acciari wins face-off versus Ivan Barbashev in VICTORIA GLADIATORS zone. 13:53 of 1st period - Noel Acciari is hit by Ivan Barbashev. 15:22 of 1st period - Icing by Sidney Crosby. 15:23 of 1st period - Sidney Crosby wins face-off versus Noel Acciari in SASKATOON DUCKS zone. 15:33 of 1st period - Off-side. 15:34 of 1st period - Alexander Kerfoot wins face-off versus Ivan Barbashev in neutral zone. 15:55 of 1st period - Icing by Brandon Montour. 15:56 of 1st period - Paul Stastny wins face-off versus Adam Lowry in VICTORIA GLADIATORS zone. 16:13 of 1st period - Shot by Alex Iafallo. 16:13 of 1st period - Stopped by Tristan Jarry without a rebound. 16:14 of 1st period - Ryan Strome wins face-off versus Mikael Granlund in SASKATOON DUCKS zone. 16:14 of 1st period - Ryan Strome is hit by Mikael Granlund. 16:33 of 1st period - Shot by Artemi Panarin. 16:33 of 1st period - Shot Blocked by Brad Marchand. 16:47 of 1st period - Shot by Andre Burakovsky. 16:47 of 1st period - Goal by Andre Burakovsky - SASKATOON DUCKS : 1 - VICTORIA GLADIATORS : 1. 16:48 of 1st period - Adam Lowry wins face-off versus Sidney Crosby in neutral zone. 18:07 of 1st period - Icing by Chris Tanev. 18:08 of 1st period - Noel Acciari wins face-off versus Paul Stastny in VICTORIA GLADIATORS zone. 18:28 of 1st period - Shot by Noel Acciari. 18:28 of 1st period - Stopped by Tristan Jarry without a rebound. 18:29 of 1st period - Ryan Strome wins face-off versus Mikael Granlund in SASKATOON DUCKS zone. 18:41 of 1st period - Shot by Artemi Panarin. 18:41 of 1st period - Stopped by Jake Oettinger with a rebound. 18:43 of 1st period - Shot by Ryan Strome. 18:43 of 1st period - Stopped by Jake Oettinger without a rebound. 18:44 of 1st period - Adam Lowry wins face-off versus Paul Stastny in VICTORIA GLADIATORS zone. 18:54 of 1st period - Mathieu Joseph is hit by Jason Zucker. 19:51 of 1st period - Shot by Andre Burakovsky. 19:51 of 1st period - Deflect By Brad Marchand. 19:51 of 1st period - Stopped by Tristan Jarry without a rebound. 19:52 of 1st period - Sidney Crosby wins face-off versus Barclay Goodrow in SASKATOON DUCKS zone. Goals for this period are 1 for SASKATOON DUCKS vs 1 for VICTORIA GLADIATORS. Shots for this period are 8 for SASKA